 Dungeon Crawl Stone Soup version 0.27-a0-1140-g099f9bb0e8 (webtiles) character file.

Game seed: 16409190717457434975

40 Morbidden the Skirmisher (level 3, -2/29 HPs)
             Began as a Demonspawn Fighter on May 10, 2021.
             Succumbed to Jessica's poison
             ... on level 2 of the Dungeon.
             The game lasted 00:01:15 (1402 turns).

Morbidden the Skirmisher (Demonspawn Fighter)       Turns: 1402, Time: 00:01:16

Health: -2/29      AC:  8    Str: 16    XL:     3   Next: 30%
Magic:  3/3        EV:  7    Int: 10    God:
Gold:   49         SH:  8    Dex: 12    Spells: 1/2 levels left

rFire    . . .     SeeInvis .   a - +0 long sword
rCold    . . .     Faith    .   c - +0 kite shield
rNeg     . . .     Spirit   .   b - +0 scale mail
rPois    .         Reflect  .   (no helmet)
rElec    .         Harm     .   (no cloak)
rCorr    .         Rampage  .   (no gloves)
Will     .....                  (no boots)
Stlth    ..........             (no amulet)
HPRegen  0.09/turn              (no ring)
MPRegen  0.08/turn              (no ring)

@: lethally poisoned (-2 -> -22)
A: hooves 1, yellow scales 1
a: no special abilities


You were on level 2 of the Dungeon.
You visited 1 branch of the dungeon, and saw 2 of its levels.

You collected 49 gold pieces.

Inventory:

Hand Weapons
 a - a +0 long sword (weapon)
Armour
 b - a +0 scale mail (worn)
 c - a +0 kite shield (worn)
 j - a +0 helmet
Scrolls
 h - a scroll of teleportation {unknown}
Potions
 d - a potion of might
 e - a potion of resistance {unknown}
 f - a potion of heal wounds {unknown}
 g - 2 potions of curing {unknown}
 i - a potion of experience {unknown}


   Skills:
 * Level 3.3 Fighting
 * Level 2.3 Long Blades
 + Level 2.9 Armour
 * Level 0.6 Dodging
 + Level 3.0 Shields
 * Level 0.1 Spellcasting
 * Level 0.3 Conjurations


You had one spell level left.
You knew the following spells:

 Your Spells              Type           Power      Damage    Failure   Level
a - Magic Dart            Conj           0%         1d3       99%         1

Your spell library contained the following spells:

 Spells                   Type           Power      Damage    Failure   Level
 Searing Ray              Conj           0%         3d3       100%        2
 Dazzling Flash           Conj/Hex       0%         N/A       100%        3
 Fulminant Prism          Conj/Hex       0%         3d6       100%        4
 Iskenderun's Mystic Bla  Conj/Tloc      0%         2d3       100%        4


Dungeon Overview and Level Annotations

Branches:
Dungeon (2/15)

Altars:

Shops:
D:1 *


Innate Abilities, Weirdness & Mutations

You have large cloven feet.
You are partially covered in yellow scales. (AC +2)


Message History

A hobgoblin is nearby!
You closely miss the hobgoblin.
The hobgoblin is moderately wounded.
The hobgoblin barely misses you. The hobgoblin hits you.
A hobgoblin is nearby!
You hit the hobgoblin but do no damage. Your kick misses the hobgoblin.
The hobgoblin is moderately wounded.
You block the hobgoblin's attack.
A hobgoblin is nearby!
Your shield and scale mail prevent you from hitting the hobgoblin.
The hobgoblin is moderately wounded.
The hobgoblin hits you. x2
A hobgoblin is nearby!
You hit the hobgoblin. You kick the hobgoblin.
You kill the hobgoblin!
No target in view!
Jessica the Apprentice Sorceress comes into view.
She is wielding a +3 dagger of venom.
Jessica shouts!
Found a potion of might.
Jessica is nearby!
Jessica looks very angry.
Jessica is nearby!
Jessica hits you with a +3 dagger of venom.
You are poisoned.
Jessica is nearby!
You hit Jessica.
Jessica is heavily wounded.
You feel very sick.
Jessica hits you with a +3 dagger of venom.
You are lethally poisoned!
Jessica hits you but does no damage.
You are more poisoned.
You hit Jessica but do no damage. Your kick misses Jessica.
Jessica is heavily wounded.
* * * LOW HITPOINT WARNING * * *
You feel extremely sick. You block Jessica's attack.
You slash Jessica!
You kill Jessica!
You die...

### #..# ..# #..# #.#
#..# #.# #..# ## #.#
#..# .# #†# #..#
.#####.###..#### #
...............###.##..#
.##.....##......@).....#
.##.....###.##.....##..#
.##.....# #+##.....#
.#####.#.. .......#
................!....
.#####.#...........###
## #.#.##+##.....# .
....... ##


There were no monsters in sight!

Vanquished Creatures
  Jessica (D:2)
  A worm (D:2)
  A dart slug (D:1)
  3 endoplasms
  3 giant cockroaches (D:1)
  3 goblins
  5 hobgoblins
  4 jackals (D:2)
  3 quokkas (D:1)
  A ball python (D:1)
  A bat (D:1)
  2 frilled lizards (D:1)
  3 rats (D:1)
31 creatures vanquished.

Notes
Turn   | Place    | Note
-------+----------+-------------------------------------------
     0 | D:1      | Morbidden the Demonspawn Fighter began the quest for the
                  | Orb.
     0 | D:1      | Reached XP level 1. HP: 18/18 MP: 1/1
   504 | D:1      | Found a faded altar of an unknown god.
   520 | D:1      | Gained mutation: You have large cloven feet. [demonic
                  | ancestry]
   520 | D:1      | Reached XP level 2. HP: 24/24 MP: 2/2
   666 | D:1      | Learned a level 1 spell: Magic Dart
   669 | D:1      | Found Nynliq's Assorted Antiques.
  1204 | D:2      | Gained mutation: You are partially covered in yellow
                  | scales. (AC +2) [demonic ancestry]
  1204 | D:2      | Reached XP level 3. HP: 27/29 MP: 3/3
  1396 | D:2      | Noticed Jessica
  1402 | D:2      | Killed Jessica
  1402 | D:2      | Succumbed to Jessica's poison

Illustrated notes

Levels and vault maps discovered:
D:1:      evilmike_arrival_rings, layout_rooms, serial_shops,
          nicolae_shop_trees, basic_ecumenical_altar
D:2:      layout_basic, basic_altar, uniq_jessica

Skill      XL: |  1  2 |
---------------+-------+-----
Long Blades    | 2 |  2.3
Shields        | 3 |  3.0
Fighting       | |  3.3
Armour         | |  2.9
Dodging        | |  0.6
Spellcasting   | |  0.1
Conjurations   | |  0.3

Action                   || total
-------------------------++-------
Melee: Long sword        ||    96
       Kick              ||    17
Armor: Scale mail        ||    63
Dodge: Dodged            ||    37
Block: Kite shield       ||    62
       Rpst.: Long sword ||    12

Table legend: (Time is in decaauts)
 A = Elapsed time spent in this place.
 B = Non-inter-level travel time spent in this place.
 C = Inter-level travel time spent in this place.
 D = Time resting spent in this place.
 E = Time spent auto-exploring this place.
 F = Levels seen in this place.
 G = Mean time per level.
                   A        B        C        D        E       F      G
               +--------+--------+--------+--------+--------+-----+--------+
         Total |   1453 |   1422 |     31 |    146 |   1020 |   2 |  726.5 |
       Dungeon |   1453 |   1422 |     31 |    146 |   1020 |   2 |  726.5 |
               +--------+--------+--------+--------+--------+-----+--------+

Top non-repeatable levels by time:
     D:1: 1061 daAuts
     D:2: 392 daAuts
